 Dungeon Sprint DCSS version 0.26-a0-665-gefeb406119 (webtiles) character file.

Game seed: 9889187558276934923

44 rocky1 the Gargoyle Disaster (level 6, -9/44 HPs)
             Began as a Gargoyle Fighter on Oct 15, 2020.
             Was a Believer of Qazlal.
             Mangled by a fire elemental (13 damage)
             ... in the Dungeon (Sprint VI: "Thunderdome").
             The game lasted 00:01:47 (291 turns).

rocky1 the Gargoyle Disaster (Gargoyle Fighter)      Turns: 291, Time: 00:01:47

Health: -9/44      AC: 11    Str: 22    XL:     6   Next: 64%
Magic:  8/12       EV:  8    Int:  8    God:    Qazlal [**....]
Gold:   280        SH: 13    Dex:  9    Spells: 5/5 levels left

rFire    . . .     SeeInvis .   a - +0 flail
rCold    . . .     Faith    .   c - +0 kite shield
rNeg     + . .     Spirit   .   b - +0 scale mail
rPois    ∞         Reflect  .   (no helmet)
rElec    +         Harm     .   (no cloak)
rCorr    .         Rampage  .   (no gloves)
MR       .....     NoTele   +   (no boots)
Stlth    ..........             (no amulet)
HPRegen  0.14/turn              (no ring)
MPRegen  0.13/turn              (no ring)

@: no status effects
A: negative energy resistance 1, electricity resistance, unbreathing,
petrification resistance, rot immunity, AC +4
a: Upheaval, Renounce Religion


You were in the Dungeon.
You worshipped Qazlal.
Qazlal was pleased with you.
You visited 1 branch You collected 280 gold pieces.

Inventory:

Hand Weapons
 a - a +0 flail (weapon)
Armour
 b - a +0 scale mail (worn)
 c - a +0 kite shield (worn)
Wands
 l - a wand of acid (5)
 m - a wand of iceblast (5)
Scrolls
 j - 4 scrolls of blinking
 n - 3 scrolls of fog
Potions
 d - a potion of might
 e - a potion of curing
 f - 4 potions of heal wounds
 g - 4 potions of haste
 h - 2 potions of magic
 i - a potion of berserk rage
 k - a potion of resistance


   Skills:
 + Level 7.7 Fighting
 + Level 6.1 Maces & Flails
 - Level 5.2 Armour
 + Level 7.7 Shields
 * Level 8.1 Invocations


You had 5 spell levels left.
You didn't know any spells.
Your spell library was empty.

Dungeon Overview and Level Annotations

Branches:
Dungeon (1/1)

Altars:
Cheibriados
Dithmenos
Fedhas
Kikubaaqudgha
Makhleb
Okawaru
Qazlal
Ru
Trog
Uskayaw
Wu Jian
Xom
Yredelemnul
Zin
The Shining One
Jiyva

Shops:
D *[???:(!!!!


Innate Abilities, Weirdness & Mutations

You are resistant to torment.
Your stone body is resilient. (AC +4)
You are immune to poison.
You resist negative energy. (rN+)
You are resistant to electric shocks. (rElec)
You can survive without breathing.
You are immune to petrification.
You are immune to rotting.


Message History

Your Shields skill increases to level 7!
Your Invocations skill gained 2 levels and is now at level 8!
You have reached level 6!
Your experience leads to an increase in your attributes!
Increase (S)trength, (I)ntelligence, or (D)exterity?
You feel stronger.
You start resting.
A fire elemental comes into view.
You are too injured to fight recklessly!
You barely miss the fire elemental.
A fire bat comes into view.
You block the fire elemental's attack.
The fire bat moves out of view.
You hit the fire elemental but do no damage.
You block the fire elemental's attack. x2
You closely miss the fire elemental. The fire elemental hits you.
The fire elemental burns you!
* * * LOW HITPOINT WARNING * * *
You closely miss the fire elemental. The fire elemental hits you.
The fire elemental burns you!
You die...

##.....## ##∩.....∩##
#∩.......∩# #_......._#
#_....[.._# #_......._#
###.........###
#⌠...........b#
######.8...°.E@°.8.######
##._._....†.###§.....__.∩##
##∩........8.# #.8........∩#
.............###............
..........###...###.........
........†.# #.<.# #.........
..........###...# #.........
.......†.....###............
##∩........8.# .8........∩#


You could see a fire elemental and a fire bat.

Vanquished Creatures
  2 fire bats (D)
  Jessica (D)
  An adder (D)
  2 river rats (D)
  A bat (D)
  A giant cockroach (D)
  A jackal (D)
  2 quokkas (D)
  A frilled lizard (D)
12 creatures vanquished.

Notes
Turn   | Place    | Note
-------+----------+-------------------------------------------
     0 | D        | rocky1 the Gargoyle Fighter began the quest for the Orb.
     0 | D        | Reached XP level 1. HP: 14/14 MP: 1/1
     5 | D        | Round 1.
     6 | D        | Found a viscous altar of Jiyva.
     6 | D        | Found an iron altar of Okawaru.
     7 | D        | Found a hide-covered altar of Uskayaw.
     8 | D        | Found a snail-covered altar of Cheibriados.
     8 | D        | Found an ornate altar of the Wu Jian Council.
     9 | D        | Found a glowing golden altar of the Shining One.
     9 | D        | Found a shadowy altar of Dithmenos.
     9 | D        | Found Otoniac's Magic Scroll Shop.
     9 | D        | Found Zaylisma's Staff Store.
     9 | D        | Noticed Jessica
    10 | D        | Found Empuum's Magic Scroll Shop.
    10 | D        | Found Soraank's Must-Have Magic.
    13 | D        | Found a blossoming altar of Fedhas.
    19 | D        | Killed Jessica
    19 | D        | Reached XP level 2. HP: 8/20 MP: 2/2
    19 | D        | Reached XP level 3. HP: 9/24 MP: 3/3
    62 | D        | Found a bloodstained altar of Trog.
    71 | D        | Found a burning altar of Makhleb.
    74 | D        | Found a stormy altar of Qazlal.
    74 | D        | Found a basalt altar of Yredelemnul.
    74 | D        | Found a shimmering altar of Xom.
    74 | D        | Found Kezeqion's Identification Station.
    75 | D        | Found Ygoy's Jewellery.
    75 | D        | Found Cexyat's Advanced Armour.
    83 | D        | Reached skill level 5 in Armour
    88 | D        | Arena points: 14 (+14) [x2]
    91 | D        | Became a worshipper of Qazlal Stormbringer
   147 | D        | Round 2.
   165 | D        | Reached skill level 5 in Shields
   168 | D        | Reached skill level 5 in Fighting
   174 | D        | Reached * piety under Qazlal
   174 | D        | Reached skill level 1 in Invocations
   181 | D        | Reached skill level 2 in Invocations
   181 | D        | Reached XP level 4. HP: 17/31 MP: 3/5
   197 | D        | Found Qimiph's Distillery.
   199 | D        | Found a sacrificial altar of Ru.
   199 | D        | Found a glowing silver altar of Zin.
   199 | D        | Found an ancient bone altar of Kikubaaqudgha.
   199 | D        | Found Tofrusor's Do-It-Yourself Clinic.
   199 | D        | Arena points: 44 (+30) [x3]
   214 | D        | Round 3.
   215 | D        | Found Moinask's Distillery.
   215 | D        | Found Apsozxecs's Bottled Wisdom.
   255 | D        | Noticed a fire bat
   262 | D        | Killed a fire bat
   262 | D        | Reached skill level 5 in Maces & Flails
   262 | D        | Reached skill level 6 in Invocations
   262 | D        | Reached XP level 5. HP: 20/37 MP: 5/9
   264 | D        | Noticed a fire bat
   277 | D        | Killed a fire bat
   277 | D        | Reached ** piety under Qazlal
   277 | D        | Reached skill level 8 in Invocations
   277 | D        | Reached XP level 6. HP: 15/44 MP: 6/12
   286 | D        | Noticed a fire elemental
   288 | D        | Noticed a fire bat
   291 | D        | Mangled by a fire elemental

Illustrated notes

Levels and vault maps discovered:
D:        arena_sprint

Skill      XL: |  1  2  3  4  5 |
---------------+----------------+-----
Fighting       | 4 5 6 7 |  7.7
Armour         | 4 5 |  5.2
Shields        | 4 5 6 7 |  7.7
Maces & Flails | 3 5 6 |  6.1
Invocations    | 2 6 8 |  8.1

Action                   |  1- 3 |  4- 6 || total
-------------------------+-------+-------++-------
Melee: Flail             |    30 |    10 ||    40
Armor: Scale mail        |    16 |     6 ||    22
Dodge: Dodged            |    13 |     3 ||    16
Block: Kite shield       |    17 |     8 ||    25

Table legend: (Time is in decaauts)
 A = Elapsed time spent in this place.
 B = Non-inter-level travel time spent in this place.
 C = Inter-level travel time spent in this place.
 D = Time resting spent in this place.
 E = Time spent auto-exploring this place.
 F = Levels seen in this place.
 G = Mean time per level.
                   A        B        C        D        E       F      G
               +--------+--------+--------+--------+--------+-----+--------+
         Total |    302 |    302 |      0 |    178 |      0 |   1 |  302.0 |
       Dungeon |    302 |    302 |      0 |    178 |      0 |   1 |  302.0 |
               +--------+--------+--------+--------+--------+-----+--------+

Top non-repeatable levels by time:
       D: 302 daAuts
